| TOP OF THE 1ST |
|
Tucson Toros batting - Pitching for Tacoma Cubs : LHP Gil Maldonado
|
|
Pitching: LHP Gil Maldonado
|
|
|
Batting: RHB Talmadge Tanks
|
0-0: Ball 1-0: Ball 2-0: Ball 3-0: Base on Balls
|
|
Batting: SHB Rodney Scott
|
0-0: Ball 1-0: Called Strike 1-1: Foul Ball, location: 2F 1-2: Fielders Choice at 2nd, 4-6 (Groundball, 4, EV 89.4 MPH)
|
|
Batting: LHB Tim Krauss
|
0-0: Ball 1-0: Ball 2-0: Called Strike 2-1: Foul Ball, location: 2F 2-2: SINGLE (Groundball, 4MD, EV 105.0 MPH) Rodney Scott to second Runner from 2nd tries for 3rd, SAFE, throw by CF made to third
|
|
Batting: RHB David Holmes
|
0-0: Ball 1-0: Called Strike 1-1: Ball 2-1: Called Strike 2-2: Strikes out swinging
|
|
Batting: LHB Pat Dodson
|
0-0: Ball 1-0: Fly out, F8 (Flyball, 8RXD, EV 106.3 MPH)
|
| Top of the 1st over - 0 runs, 1 hit, 0 errors, 2 left on base; Tucson 0 - Tacoma 0 |
| BOTTOM OF THE 1ST |
|
Tacoma Cubs batting - Pitching for Tucson Toros : RHP Jim Acker
|
|
Pitching: RHP Jim Acker
|
|
|
Batting: LHB John Elway
|
0-0: Called Strike 0-1: Ground out 4-3 (Groundball, 4, EV 101.3 MPH)
|
|
Batting: LHB Thad Bosley
|
0-0: Ball 1-0: SINGLE (Groundball, 3D, EV 103.8 MPH)
|
|
Batting: LHB Willie Gonzalez
|
0-0: Ball 1-0: Ball 2-0: Swinging Strike 2-1: DOUBLE (Line Drive, 9LS, EV 106.3 MPH) Thad Bosley to third
|
|
Batting: LHB Dan Pasqua
|
0-0: Ball 1-0: Ground out 5-3 (Groundball, 56, EV 87.5 MPH) Thad Bosley scores
|
|
Batting: RHB Marty Castillo
|
0-0: Ball 1-0: Foul Ball, location: 2F 1-1: SINGLE (Groundball, 56D, EV 95.6 MPH) Willie Gonzalez to third Runner from 3rd tries for Home, SAFE, throw by LF to home
|
|
Batting: RHB Paul Szymarek
|
0-0: Called Strike 0-1: Ball 1-1: Ball 2-1: Ground out 4-3 (Groundball, 4, EV 83.8 MPH)
|
| Bottom of the 1st over - 2 runs, 3 hits, 0 errors, 1 left on base; Tucson 0 - Tacoma 2 |
| TOP OF THE 2ND |
|
Tucson Toros batting - Pitching for Tacoma Cubs : LHP Gil Maldonado
|
|
Batting: SHB Michael Miara
|
0-0: Called Strike 0-1: Ball 1-1: Foul Ball, location: 2F 1-2: Ground out 3-1 (Groundball, 3S, EV 73.8 MPH)
|
|
Batting: LHB Danny Garcia
|
0-0: Ball 1-0: Ball 2-0: Fly out, F8 (Flyball, 8RM, EV 76.9 MPH)
|
|
Batting: LHB Juan Bustabad
|
0-0: Hit by Pitch
|
|
Batting: LHB Bruce Boisclair
|
0-0: 2-RUN HOME RUN (Line Drive, 9LD, EV 104.4 MPH), Distance : 356 ft
|
|
Batting: RHB Talmadge Tanks
|
0-0: Called Strike 0-1: Ground out 3-1 (Groundball, 34S, EV 83.8 MPH)
|
| Top of the 2nd over - 2 runs, 1 hit, 0 errors, 0 left on base; Tucson 2 - Tacoma 2 |
| BOTTOM OF THE 2ND |
|
Tacoma Cubs batting - Pitching for Tucson Toros : RHP Jim Acker
|
|
Batting: RHB Glenn Hubbard
|
0-0: Ball 1-0: Ball 2-0: Ball 3-0: Base on Balls
|
|
Batting: RHB Billy Cree
|
0-0: Ball 1-0: Called Strike 1-1: Grounds into double play, 4-6-3 (Groundball, 4, EV 81.3 MPH)
|
|
Batting: RHB Alex Trevino
|
0-0: Ball 1-0: Fly out, F9 (Flyball, 89D, EV 85.6 MPH)
|
| Bottom of the 2nd over - 0 runs, 0 hits, 0 errors, 0 left on base; Tucson 2 - Tacoma 2 |
| TOP OF THE 3RD |
|
Tucson Toros batting - Pitching for Tacoma Cubs : LHP Gil Maldonado
|
|
Batting: SHB Rodney Scott
|
0-0: Ball 1-0: Ball 2-0: Swinging Strike 2-1: Ball 3-1: Swinging Strike 3-2: Foul Ball, location: 2F 3-2: DOUBLE (Groundball, 5L, EV 105.6 MPH)
|
|
Batting: LHB Tim Krauss
|
0-0: Ball 1-0: Foul Ball, location: 2F 1-1: Ball 2-1: Ball 3-1: Base on Balls
|
|
Batting: RHB David Holmes
|
0-0: Foul Ball, location: 2F 0-1: Ball 1-1: Ball Rodney Scott steals 3rd base (no throw) Tim Krauss to second 2-1: Swinging Strike 2-2: Strikes out looking
|
|
Batting: LHB Pat Dodson
|
0-0: Ball 1-0: Foul Ball, location: 2F 1-1: Ball 2-1: Foul Ball, location: 2F 2-2: Strikes out swinging
|
|
Batting: SHB Michael Miara
|
0-0: Fly out, F5 (Line Drive, 5, EV 63.1 MPH)
|
| Top of the 3rd over - 0 runs, 1 hit, 0 errors, 2 left on base; Tucson 2 - Tacoma 2 |
| BOTTOM OF THE 3RD |
|
Tacoma Cubs batting - Pitching for Tucson Toros : RHP Jim Acker
|
|
Batting: LHB John Elway
|
0-0: Ball 1-0: Called Strike 1-1: Fly out, F8 (Flyball, 89D, EV 101.9 MPH)
|
|
Batting: LHB Thad Bosley
|
0-0: Called Strike 0-1: Foul Ball, location: 2F 0-2: Foul Ball, location: 2F 0-2: Ball 1-2: Foul Ball, location: 2F 1-2: Ball 2-2: Strikes out swinging
|
|
Batting: LHB Willie Gonzalez
|
0-0: Called Strike 0-1: Called Strike 0-2: Ball 1-2: Ball 2-2: Reached on error, E6 (Groundball, 6M, EV 80.0 MPH)
|
|
Batting: LHB Dan Pasqua
|
0-0: Called Strike 0-1: Ball 1-1: Ball 2-1: Foul Ball, location: 2F 2-2: Ball 3-2: Strikes out swinging
|
| Bottom of the 3rd over - 0 runs, 0 hits, 1 error, 1 left on base; Tucson 2 - Tacoma 2 |
| TOP OF THE 4TH |
|
Tucson Toros batting - Pitching for Tacoma Cubs : LHP Gil Maldonado
|
|
Batting: LHB Danny Garcia
|
0-0: Called Strike 0-1: Foul Ball, location: 2F 0-2: Ball 1-2: Foul Ball, location: 2F 1-2: Strikes out swinging
|
|
Batting: LHB Juan Bustabad
|
0-0: Called Strike 0-1: Ball 1-1: Ground out 4-3 (Groundball, 4, EV 83.1 MPH)
|
|
Batting: LHB Bruce Boisclair
|
0-0: Ball 1-0: Ground out 4-3 (Groundball, 4, EV 98.8 MPH)
|
| Top of the 4th over - 0 runs, 0 hits, 0 errors, 0 left on base; Tucson 2 - Tacoma 2 |
| BOTTOM OF THE 4TH |
|
Tacoma Cubs batting - Pitching for Tucson Toros : RHP Jim Acker
|
|
Batting: RHB Marty Castillo
|
0-0: Called Strike 0-1: Foul Ball, location: 2F 0-2: Ball 1-2: SINGLE (Line Drive, 9LS, EV 96.9 MPH)
|
|
Batting: RHB Paul Szymarek
|
0-0: Grounds into double play, 5-4-3 (Groundball, 5, EV 99.4 MPH)
|
|
Batting: RHB Glenn Hubbard
|
0-0: Foul Ball, location: 2F 0-1: Ball 1-1: Ground out 5-3 (Groundball, 56S, EV 68.1 MPH)
|
| Bottom of the 4th over - 0 runs, 1 hit, 0 errors, 0 left on base; Tucson 2 - Tacoma 2 |
| TOP OF THE 5TH |
|
Tucson Toros batting - Pitching for Tacoma Cubs : LHP Gil Maldonado
|
|
Batting: RHB Talmadge Tanks
|
0-0: Ball 1-0: Ball 2-0: Called Strike 2-1: Fly out, F8 (Flyball, 8RM, EV 86.3 MPH)
|
|
Batting: SHB Rodney Scott
|
0-0: Ball 1-0: Ball 2-0: Ball 3-0: Called Strike 3-1: Ground out 6-3 (Groundball, 6, EV 110.6 MPH)
|
|
Batting: LHB Tim Krauss
|
0-0: Foul Ball, location: 2F 0-1: Ball 1-1: Foul Ball, location: 2F 1-2: Foul Ball, location: 2F 1-2: Foul Ball, location: 2F 1-2: Foul Ball, location: 2F 1-2: Ball 2-2: Strikes out swinging
|
| Top of the 5th over - 0 runs, 0 hits, 0 errors, 0 left on base; Tucson 2 - Tacoma 2 |
| BOTTOM OF THE 5TH |
|
Tacoma Cubs batting - Pitching for Tucson Toros : RHP Jim Acker
|
|
Batting: RHB Billy Cree
|
0-0: Ball 1-0: Foul Ball, location: 2F 1-1: Ball 2-1: Ground out 3-1 (Groundball, 34, EV 106.9 MPH)
|
|
Batting: RHB Alex Trevino
|
0-0: SINGLE (Line Drive, 89S, EV 104.4 MPH)
|
|
Batting: LHB John Elway
|
0-0: Ball 1-0: Ball 2-0: Called Strike 2-1: Swinging Strike 2-2: Foul Ball, location: 2F 2-2: Strikes out looking
|
|
Batting: LHB Thad Bosley
|
0-0: Ball 1-0: Called Strike 1-1: DOUBLE (Line Drive, 3D, EV 96.3 MPH) Alex Trevino to third
|
|
Batting: LHB Willie Gonzalez
|
0-0: Ball 1-0: Called Strike 1-1: Ball 2-1: Ball 3-1: Swinging Strike 3-2: TRIPLE (Line Drive, 89XD, EV 108.8 MPH) Alex Trevino scores Thad Bosley scores
|
|
Pinch Runner at 3rd John D Morris:
|
|
|
Batting: LHB Dan Pasqua
|
0-0: Called Strike 0-1: Ball 1-1: Ground out U3 (Groundball, 3, EV 97.5 MPH)
|
| Bottom of the 5th over - 2 runs, 3 hits, 0 errors, 1 left on base; Tucson 2 - Tacoma 4 |
| TOP OF THE 6TH |
|
Tucson Toros batting - Pitching for Tacoma Cubs : LHP Gil Maldonado
|
|
Now at 1B: Broderick Perkins
|
|
|
Batting: RHB David Holmes
|
0-0: Ball 1-0: Ball 2-0: Fly out, F7 (Flyball, 7S, EV 96.3 MPH)
|
|
Batting: LHB Pat Dodson
|
0-0: Called Strike 0-1: Ball 1-1: Called Strike 1-2: Strikes out swinging
|
|
Batting: SHB Michael Miara
|
0-0: Ball 1-0: Ball 2-0: Swinging Strike 2-1: Ball 3-1: Foul Ball, location: 2F 3-2: Strikes out swinging, 2-3 out at first.
|
| Top of the 6th over - 0 runs, 0 hits, 0 errors, 0 left on base; Tucson 2 - Tacoma 4 |
| BOTTOM OF THE 6TH |
|
Tacoma Cubs batting - Pitching for Tucson Toros : RHP Jim Acker
|
|
Batting: RHB Marty Castillo
|
0-0: Ball 1-0: Swinging Strike 1-1: Foul Ball, location: 2F 1-2: Ball 2-2: Ground out 4-3 (Groundball, 4D, EV 100.0 MPH)
|
|
Batting: RHB Paul Szymarek
|
0-0: Swinging Strike 0-1: Ball 1-1: Swinging Strike 1-2: Ball 2-2: Strikes out swinging
|
|
Batting: RHB Glenn Hubbard
|
0-0: Ball 1-0: Ball 2-0: Called Strike 2-1: Ball 3-1: Swinging Strike 3-2: Fly out, F9 (Flyball, 89S, EV 83.1 MPH)
|
| Bottom of the 6th over - 0 runs, 0 hits, 0 errors, 0 left on base; Tucson 2 - Tacoma 4 |
| TOP OF THE 7TH |
|
Tucson Toros batting - Pitching for Tacoma Cubs : LHP Gil Maldonado
|
|
Batting: LHB Danny Garcia
|
0-0: Ball 1-0: Foul Ball, location: 2F 1-1: Swinging Strike 1-2: Hit by Pitch
|
|
Batting: LHB Juan Bustabad
|
0-0: Ball 1-0: Bunted foul 1-1: Bunt missed! 1-2: Foul Ball, location: 2F 1-2: Fly out, F7 (Flyball, 78M, EV 96.3 MPH)
|
|
Batting: LHB Bruce Boisclair
|
0-0: Called Strike Danny Garcia steals 2nd base 0-1: Swinging Strike 0-2: Foul Ball, location: 2F 0-2: DOUBLE (Line Drive, 7LS, EV 106.3 MPH) Danny Garcia scores
|
|
Batting: RHB Talmadge Tanks
|
0-0: Ball Bruce Boisclair steals 3rd base 1-0: Foul Ball, location: 2F 1-1: Ball 2-1: Ball 3-1: Base on Balls
|
|
Batting: SHB Rodney Scott
|
0-0: Ball 1-0: Fly out, F8 (Flyball, 8RXD, EV 96.3 MPH) Runner from 3rd tags up, SCORES, no throw by CF
|
|
Batting: LHB Tim Krauss
|
0-0: Called Strike 0-1: Ball 1-1: Fielders Choice at 2nd, U6 (Groundball, 6M, EV 85.6 MPH)
|
| Top of the 7th over - 2 runs, 1 hit, 0 errors, 1 left on base; Tucson 4 - Tacoma 4 |
| BOTTOM OF THE 7TH |
|
Tacoma Cubs batting - Pitching for Tucson Toros : RHP Jim Acker
|
|
Batting: RHB Billy Cree
|
0-0: Foul Ball, location: 2F 0-1: Called Strike 0-2: Ball 1-2: Ball 2-2: Ball 3-2: SINGLE (Line Drive, 4D, EV 97.5 MPH)
|
|
Pitching: RHP Dale Harrington
|
|
|
Batting: RHB Alex Trevino
|
0-0: Called Strike 0-1: Fly out, F9 (Flyball, 9LM, EV 83.8 MPH)
|
|
Batting: LHB John Elway
|
0-0: Fly out, F8 (Flyball, 78D, EV 95.0 MPH)
|
|
Batting: LHB Thad Bosley
|
0-0: Called Strike 0-1: Foul Ball, location: 2F 0-2: Strikes out swinging
|
| Bottom of the 7th over - 0 runs, 1 hit, 0 errors, 1 left on base; Tucson 4 - Tacoma 4 |
| TOP OF THE 8TH |
|
Tucson Toros batting - Pitching for Tacoma Cubs : LHP Gil Maldonado
|
|
Batting: RHB David Holmes
|
0-0: Ball 1-0: Called Strike 1-1: Ball 2-1: Ball 3-1: Base on Balls
|
|
Batting: LHB Pat Dodson
|
0-0: Swinging Strike 0-1: Grounds into double play, 4-6-3 (Groundball, 4, EV 101.3 MPH)
|
|
Batting: SHB Michael Miara
|
0-0: Ball 1-0: SINGLE (Groundball, 4MD, EV 104.4 MPH)
|
|
Batting: LHB Danny Garcia
|
0-0: Called Strike 0-1: Swinging Strike 0-2: Foul Ball, location: 2F 0-2: Ball 1-2: Fly out, F8 (Flyball, 89D, EV 99.4 MPH)
|
| Top of the 8th over - 0 runs, 1 hit, 0 errors, 1 left on base; Tucson 4 - Tacoma 4 |
| BOTTOM OF THE 8TH |
|
Tacoma Cubs batting - Pitching for Tucson Toros : RHP Dale Harrington
|
|
Batting: LHB Broderick Perkins
|
0-0: Ground out 6-3 (Groundball, 56D, EV 108.1 MPH)
|
|
Batting: LHB Dan Pasqua
|
0-0: Ball 1-0: Called Strike 1-1: Called Strike 1-2: Strikes out swinging
|
|
Batting: RHB Marty Castillo
|
0-0: Fly out, F7 (Flyball, 7LD, EV 105.6 MPH)
|
| Bottom of the 8th over - 0 runs, 0 hits, 0 errors, 0 left on base; Tucson 4 - Tacoma 4 |
| TOP OF THE 9TH |
|
Tucson Toros batting - Pitching for Tacoma Cubs : LHP Gil Maldonado
|
|
Pitching: RHP Paul Thormodsgard
|
|
|
Batting: LHB Juan Bustabad
|
0-0: Called Strike 0-1: Called Strike 0-2: Ball 1-2: Ball 2-2: Ball 3-2: Foul Ball, location: 2F 3-2: Strikes out swinging
|
|
Batting: LHB Bruce Boisclair
|
0-0: Called Strike 0-1: Swinging Strike 0-2: Ball 1-2: Ball 2-2: Ground out 1-3 (Groundball, 15S, EV 62.5 MPH)
|
|
Batting: RHB Talmadge Tanks
|
0-0: Called Strike 0-1: Foul Ball, location: 2F 0-2: Ball 1-2: Strikes out looking
|
| Top of the 9th over - 0 runs, 0 hits, 0 errors, 0 left on base; Tucson 4 - Tacoma 4 |
| BOTTOM OF THE 9TH |
|
Tacoma Cubs batting - Pitching for Tucson Toros : RHP Dale Harrington
|
|
Pitching: RHP Mike Morgan
|
|
|
Batting: RHB Paul Szymarek
|
0-0: Called Strike 0-1: Foul Ball, location: 2F 0-2: Ball 1-2: Ball 2-2: Ball 3-2: Ground out 6-3 (Groundball, 6, EV 80.6 MPH)
|
|
Batting: RHB Glenn Hubbard
|
0-0: Ball 1-0: Called Strike 1-1: Called Strike 1-2: Foul Ball, location: 2F 1-2: Ball 2-2: Ball 3-2: Fly out, F9 (Flyball, 9LM, EV 89.4 MPH)
|
|
Batting: RHB Billy Cree
|
0-0: Ball 1-0: Called Strike 1-1: Ball 2-1: SINGLE (Line Drive, 7S, EV 106.3 MPH)
|
|
Pinch Hitting: LHB Robert Kraft
|
0-0: Ball 1-0: Called Strike 1-1: Ball 2-1: Foul Ball, location: 2F 2-2: Foul Ball, location: 2F 2-2: Ground out 6-3 (Groundball, P, EV 88.1 MPH)
|
| Bottom of the 9th over - 0 runs, 1 hit, 0 errors, 1 left on base; Tucson 4 - Tacoma 4 |
| TOP OF THE 10TH |
|
Tucson Toros batting - Pitching for Tacoma Cubs : RHP Paul Thormodsgard
|
|
Now at C: Tim Glass
|
|
|
Batting: SHB Rodney Scott
|
0-0: Ball 1-0: Ball 2-0: Called Strike 2-1: Ground out U3 (Groundball, 34, EV 102.5 MPH)
|
|
Batting: LHB Tim Krauss
|
0-0: Foul Ball, location: 2F 0-1: Ball 1-1: Called Strike 1-2: Fly out, F9 (Line Drive, 9, EV 100.0 MPH)
|
|
Batting: RHB David Holmes
|
0-0: Called Strike 0-1: Ball 1-1: Ball 2-1: Ball 3-1: Called Strike 3-2: Strikes out looking
|
| Top of the 10th over - 0 runs, 0 hits, 0 errors, 0 left on base; Tucson 4 - Tacoma 4 |
| BOTTOM OF THE 10TH |
|
Tacoma Cubs batting - Pitching for Tucson Toros : RHP Mike Morgan
|
|
Batting: LHB John Elway
|
0-0: Called Strike 0-1: Called Strike 0-2: Ball 1-2: Strikes out swinging
|
|
Batting: LHB Thad Bosley
|
0-0: Ball 1-0: SINGLE (Line Drive, 8LS, EV 104.4 MPH)
|
|
Batting: LHB Broderick Perkins
|
0-0: Called Strike 0-1: Foul Ball, location: 2F 0-2: Ball 1-2: SINGLE (Flyball, 78S, EV 91.3 MPH) Thad Bosley to second
|
|
Batting: LHB Dan Pasqua
|
0-0: Called Strike 0-1: Ball 1-1: Ball 2-1: Foul Ball, location: 2F 2-2: Strikes out looking
|
|
Batting: RHB Marty Castillo
|
0-0: Ground out 6-3 (Groundball, 6MS, EV 85.0 MPH)
|
| Bottom of the 10th over - 0 runs, 2 hits, 0 errors, 2 left on base; Tucson 4 - Tacoma 4 |
| TOP OF THE 11TH |
|
Tucson Toros batting - Pitching for Tacoma Cubs : RHP Paul Thormodsgard
|
|
Batting: LHB Pat Dodson
|
0-0: Ball 1-0: Swinging Strike 1-1: Ball 2-1: Called Strike 2-2: Strikes out looking
|
|
Batting: SHB Michael Miara
|
0-0: Called Strike 0-1: Ball 1-1: Ground out 1-3 (Groundball, 13, EV 75.6 MPH)
|
|
Batting: LHB Danny Garcia
|
0-0: Called Strike 0-1: Ball 1-1: Ball 2-1: Ball 3-1: Ground out 5-3 (Groundball, 5, EV 87.5 MPH)
|
| Top of the 11th over - 0 runs, 0 hits, 0 errors, 0 left on base; Tucson 4 - Tacoma 4 |
| BOTTOM OF THE 11TH |
|
Tacoma Cubs batting - Pitching for Tucson Toros : RHP Mike Morgan
|
|
Batting: RHB Paul Szymarek
|
0-0: Swinging Strike 0-1: Foul Ball, location: 2F 0-2: Ball 1-2: Foul Ball, location: 2F 1-2: Fly out, F7 (Flyball, 7D, EV 95.6 MPH)
|
|
Batting: RHB Glenn Hubbard
|
0-0: Ball 1-0: SINGLE (Groundball, 56D, EV 111.9 MPH)
|
|
Batting: RHB Billy Cree
|
0-0: Ball 1-0: Called Strike Glenn Hubbard steals 2nd base 1-1: SINGLE (Groundball, 34D, EV 96.3 MPH) Glenn Hubbard to third Runner from 3rd tries for Home, SAFE, throw by RF to home
|
| Bottom of the 11th over - 1 run, 2 hits, 0 errors, 0 left on base; Tucson 4 - Tacoma 5 |
|